 Dungeon Crawl Stone Soup version 0.32-a0-685-g93135e86f0 (webtiles) character file.

Game seed: 17050692359572398773

1692551 ragingrage the Hoplite (level 26, 244/244 HPs)
             Began as a White Draconian Gladiator on Mar 12, 2024.
             Was the Champion of Okawaru.
             Escaped with the Orb
             ... and 3 runes!
             The game lasted 02:00:18 (66279 turns).

ragingrage the Hoplite (White Draconian Gladiator) Turns: 66279, Time: 02:00:19

Health: 244/244    AC: 20    Str: 18    XL:     26   Next: 1%
Magic:  37/37      EV: 28    Int: 13    God:    Okawaru [******]
Gold:   3835       SH: 17    Dex: 20    Spells: 17/29 levels left

rFire   + . .        b - +9 quick blade (drain)
rCold   + + .        d - +0 kite shield of Past Mistakes {rElec rCorr Str-3 Int+5}
rNeg    . . .        (body armour unavailable)
rPois   +            I - +0 mask of the Dragon {Will+ Slay+3 SInv}
rElec   +            x - +1 cloak of Starlight {*Dazzle EV+4 Stlth--}
rCorr   +            v - +2 pair of gloves {hurl}
SInv    +            N - +2 pair of boots
Will    +++..        i - amulet "Deont" {Regen+ RegenMP+ Slay+2}
Stlth   +            a - ring of Zuesch {rPois Will+ Int+3 SInv}
HPRegen 1.40/turn    f - ring "Usikiez" {rF+ rC+ MP+9 Int-2}
MPRegen 0.65/turn

%: no passive effects
@: maw-form
A: devouring maw, glacial breath, AC +12, unfitting armour, cold resistance 1,
cold-blooded, dopey 1, low MP 1, wild magic 1, inability to drink after injury 1
0: Orb of Zot
}: 3/15 runes: serpentine, barnacled, silver
a: Glacial Breath, Begin Untransformation, Renounce Religion, Heroism, Finesse,
Duel


You escaped.
You worshipped Okawaru.
Okawaru was exalted by your worship.
You were a creature with a mouth for a stomach.
You visited 10 branches of the dungeon, and saw 48 of its levels.
You visited 1 bazaar.
You also visited: Ice Cave.

You collected 8379 gold pieces.
You spent 4544 gold pieces at shops.

Inventory:

Hand Weapons
 b - a +9 quick blade of draining (weapon)
Missiles
 e - 17 atropa-tipped darts
 u - 16 silver javelins
 K - 25 curare-tipped darts
 R - 9 throwing nets
 V - 22 javelins (quivered)
Armour
 d - the +0 kite shield of Past Mistakes (worn) {rElec rCorr Str-3 Int+5}
   (Okawaru gifted it to you on level 2 of the Lair of Beasts)

   Str-3:     It affects your strength (-3).
   Int+5:     It affects your intelligence (+5).
   rElec:     It insulates you from electricity.
   rCorr:     It protects you from acid and corrosion.
 v - a +2 pair of gloves of hurling (worn)
 x - the +1 cloak of Starlight (worn) {*Dazzle EV+4 Stlth--}
   (You acquired it on level 4 of the Lair of Beasts)

   *Dazzle:   It may blind those who miss an attack against the wearer in melee
   combat.
   EV+4:      It affects your evasion (+4).
   Stlth--:   It makes you much less stealthy.
 I - the +0 mask of the Dragon (worn) {Will+ Slay+3 SInv}
   (You found it on level 5 of the Lair of Beasts)

   Slay+3:    It affects your accuracy & damage with ranged weapons and melee
   (+3).
   Will+:     It increases your willpower.
   SInv:      It lets you see invisible.
 N - a +2 pair of boots (worn)
Jewellery
 a - the ring of Zuesch (left hand) {rPois Will+ Int+3 SInv}
   (You bought it in a shop on level 2 of the Orcish Mines)

   [ring of willpower]

   Int+3:     It affects your intelligence (+3).
   rPois:     It protects you from poison.
   Will+:     It increases your willpower.
   SInv:      It lets you see invisible.
 f - the ring "Usikiez" (right hand) {rF+ rC+ MP+9 Int-2}
   (You acquired it on level 2 of the Shoals)

   [ring of magical power]

   Int-2:     It affects your intelligence (-2).
   rF+:       It protects you from fire.
   rC+:       It protects you from cold.
   MP+9:      It affects your magic capacity (+9).
 i - the amulet "Deont" (around neck) {Regen+ RegenMP+ Slay+2}
   (You took it off a vault warden on level 2 of the Vaults)

   [amulet of magic regeneration]

   It increases your rate of magic regeneration.
   Slay+2:    It affects your accuracy & damage with ranged weapons and melee
   (+2).
   Regen+:    It increases your rate of health regeneration.
   RegenMP+:  It increases your rate of magic regeneration.
 q - the ring of Laka {rN+ AC+4 Int+2 Slay+3}
   (You bought it in a shop on level 4 of the Snake Pit)

   [ring of protection]

   AC+4:      It affects your AC (+4).
   Int+2:     It affects your intelligence (+2).
   Slay+3:    It affects your accuracy & damage with ranged weapons and melee
   (+3).
   rN+:       It protects you from negative energy.
 y - a ring of protection from fire
Wands
 g - a wand of acid (23)
 F - a wand of digging (16)
 J - a wand of mindburst (34)
 L - a wand of flame (84)
 M - a wand of iceblast (26)
 T - a wand of polymorph (20)
Scrolls
 k - 7 scrolls of fog
 n - 10 scrolls of poison
 p - 4 scrolls of noise
 s - 4 scrolls of silence
 t - 23 scrolls of teleportation
 w - 12 scrolls of immolation
 z - 5 scrolls of fear
 E - 3 scrolls of revelation
 O - 8 scrolls of identify
 X - 5 scrolls of blinking
Potions
 c - 7 potions of cancellation
 h - 6 potions of berserk rage
 l - 5 potions of magic
 m - 4 potions of mutation
 r - 9 potions of lignification
 A - 15 potions of curing
 B - 14 potions of enlightenment
 C - 15 potions of haste
 G - 4 potions of brilliance
 H - 10 potions of attraction
 Q - 2 potions of heal wounds
 U - 2 potions of might
 Z - 4 potions of resistance
Miscellaneous
 j - a phial of floods
 W - a tin of tremorstones (2/2)
 Y - a lightning rod (4/4)


   Skills:
 - Level 21.0 Fighting
 - Level 11.8(14.0) Short Blades
 - Level 12.0(14.0) Long Blades
 - Level 16.0 Throwing
 + Level 16.3 Dodging
 - Level 10.0 Stealth
 - Level 21.0 Shields
 - Level 2.0 Spellcasting
 - Level 4.0 Hexes
 - Level 9.0 Necromancy
 - Level 10.0 Ice Magic
 - Level 7.0 Earth Magic
 - Level 12.0 Invocations
 - Level 11.0 Evocations
 - Level 16.0 Shapeshifting


You had 17 spell levels left.
You knew the following spells:

 Your Spells              Type           Power      Damage    Failure   Level
a - Fugue of the Fallen   Necr           32%        N/A       4%          3
b - Ozocubu's Armour      Ice            35%        N/A       3%          3
c - Passwall              Erth           25%        N/A       9%          3
d - Frozen Ramparts       Ice            70%        1d11      3%          3

Your spell library contained the following spells:

 Spells                   Type           Power      Damage    Failure   Level
 Freeze                   Ice            100%       1d10      1%          1
 Necrotise                Necr           100%       1d9       1%          1
 Sandblast                Erth           50%        2d12      3%          1
 Ensorcelled Hibernation  Hex/Ice        50%        N/A       4%          2
 Dispel Undead            Necr           32%        3d14      12%         4
 Jinxbite                 Hex            30%        N/A       14%         2
 Hailstorm                Conj/Ice       18%        3d7       17%         3
 Cigotuvi's Dreadful Rot  Necr/Alch/Air  22%        N/A       21%         2
 Sigil of Binding         Hex            15%        N/A       26%         3
 Stone Arrow              Conj/Erth      26%        3d8       30%         3
 Anguish                  Hex/Necr       11%        N/A       30%         4
 Curse of Agony           Necr           32%        N/A       30%         5
 Apportation              Tloc           2%         N/A       41%         1
 Sting                    Conj/Alch      4%         1d3       41%         1
 Dazzling Flash           Conj/Hex       16%        N/A       47%         3
 Inner Flame              Hex/Fire       8%         N/A       47%         3
 Blink                    Tloc           2%         N/A       52%         2
 Lesser Beckoning         Tloc           2%         N/A       52%         2
 Mercury Vapours          Alch/Air       2%         N/A       52%         2
 Momentum Strike          Conj/Tloc      2%         3d8       52%         2
 Scorch                   Fire           2%         2d5       52%         2
 Searing Ray              Conj           2%         2d4       52%         2
 Lee's Rapid Deconstruct  Erth           12%        3d9*      54%         5
 Metabolic Englaciation   Hex/Ice        12%        N/A       54%         5
 Cause Fear               Hex            7%         N/A       61%         4
 Brom's Barrelling Bould  Conj/Erth      13%        2d4       67%         4
 Leda's Liquefaction      Alch/Erth      6%         N/A       67%         4
 Petrify                  Alch/Erth      13%        N/A       67%         4
 Gell's Gravitas          Tloc           1%         N/A       75%         3
 Mephitic Cloud           Conj/Alch/Air  1%         N/A       75%         3
 Swiftness                Air            1%         N/A       75%         3
 Teleport Other           Tloc           1%         N/A       75%         3
 Volatile Blastmotes      Fire/Tloc      2%         2d10      75%         3
 Dimensional Bullseye     Hex/Tloc       4%         N/A       86%         4
 Permafrost Eruption      Ice/Erth       15%        2x4d5     88%         6
 Flame Wave               Conj/Fire      1%         2d4       98%         4
 Fulminant Prism          Conj/Alch      0%         3d5       98%         4
 Iskenderun's Mystic Bla  Conj/Tloc      1%         2d3       98%         4
 Manifold Assault         Tloc           1%         N/A       98%         4
 Olgreb's Toxic Radiance  Alch           1%         N/A       98%         4
 Sticky Flame             Fire/Alch      1%         2d4       98%         4
 Vhi's Electric Charge    Tloc/Air       2%         N/A       98%         4
 Silence                  Hex/Air        4%         N/A       99%         5
 Ozocubu's Refrigeration  Ice            17%        4d11      99%         7
 Alistair's Intoxication  Alch           0%         N/A       100%        5
 Arcjolt                  Conj/Air       0%         1d10      100%        5
 Fireball                 Conj/Fire      0%         3d3       100%        5
 Plasma Beam              Fire/Air       0%         2x1d10    100%        6
 Starburst                Conj/Fire      0%         6d3       100%        6
 Enfeeble                 Hex            7%         N/A       100%        7
 Lehudib's Crystal Spear  Conj/Erth      6%         10d3      100%        8
 Maxwell's Capacitive Co  Air            0%         ∞         100%        8
 Fire Storm               Conj/Fire      0%         6d1       100%        9
 Polar Vortex             Ice            17%        12d2*     100%        9
 Summon Small Mammal      Summ           Unusable   N/A       N/A         1
 Martyr's Knell           Necr/Summ      Unusable   N/A       N/A         4
 Animate Armour           Summ/Erth      Unusable   N/A       N/A         4
 Call Canine Familiar     Summ           Unusable   N/A       N/A         3
 Death Channel            Necr           Unusable   N/A       N/A         6
 Sculpt Simulacrum        Ice/Alch       Unusable   N/A       N/A         6
 Dragon's Call            Summ           Unusable   N/A       N/A         9

Dungeon Overview and Level Annotations

Branches:
Dungeon (15/15)            Temple (1/1) D:6            Lair (5/5) D:8
 Shoals (4/4) Lair:3        Snake (4/4) Lair:3        Slime (0/5) Lair:5
    Orc (2/2) D:12            Elf (3/3) Orc:2        Vaults (5/5) D:13
  Crypt (0/3) Vaults:2     Depths (4/4) D:15            Zot (5/5) Depths:4
  IceCv (visited)

Altars:
Ashenzari
Cheibriados
Dithmenos
Elyvilon
Fedhas
Gozag
Hepliaklqana
Kikubaaqudgha
Makhleb
Nemelex Xobeh
Okawaru
Qazlal
Ru
Sif Muna
Trog
Uskayaw
Vehumet
Wu Jian
Xom
Yredelemnul
Zin
The Shining One
Beogh
Jiyva

Shops:
D:5 :   D:9 *   D:13 *   D:15 (   Orc:2 =(**   Shoals:4 !   Snake:3 ?
Snake:4 =?(??   Vaults:2 (   Vaults:4 ?*[   Depths:2 (   Depths:3 ?
Depths:4 ?(*

Portals:
Hell: Depths:1 Depths:2 Depths:3 Depths:4
Abyss: Depths:1 Depths:2 Depths:3
Pandemonium: Depths:1 Depths:2
Ziggurat: Depths:2

Annotations:
D:1 exclusion: downstairs
Lair:1 exclusion: oklob plant
Lair:3 exclusion: downstairs
Lair:5 exclusion: oklob plant
Elf:1 3 runed translucent doors, jestert79's ghost, adept GnSu
Elf:3 1 exclusion
Depths:3 exclusions: hell hog and 4 more exclusions
Depths:4 5 runed translucent doors


Innate Abilities, Weirdness & Mutations

You are a creature with a mouth for a stomach.
Your midsection houses a second, enormous mouth.
You can breathe waves of cold which freeze foes solid.
Your icy white scales are hard. (AC +12)
You cannot fit into any form of body armour.
Your flesh is cold resistant. (rC+)
You are cold-blooded and may be slowed by cold attacks.
You are dopey. (Int -2)
Your magical capacity is low. (-10% MP)
Your spells are a little harder to cast, but a little more powerful.
You occasionally lose the ability to drink potions when taking damage.


Message History

As you read the scroll of blinking, it crumbles to dust.
Geff gestures.
Geff seems to speed up.
A mysterious force pulls you upwards. The hatch slams shut behind you.
An Orb Guardian comes into view.
There are no items here.
You drop 5 javelins.
Number of times to repeat, then command key: You must enter the number of times for the command to repeat.
You hit the Orb Guardian.
You tail-slap the Orb Guardian, but do no damage.
You hit the Orb Guardian but do no damage.
You drain the Orb Guardian.
Your tail-slap misses the Orb Guardian.
You bite the Orb Guardian! The Orb Guardian completely misses you.
The Orb Guardian is temporarily struck blind!
You catch the helpless Orb Guardian completely off-guard!
You spit the Orb Guardian like a pig!!! You drain the Orb Guardian!
You tail-slap the Orb Guardian. You bite the Orb Guardian.
You hit the Orb Guardian.
You kill the Orb Guardian!
Okawaru accepts your kill.
No target in view!
No target in view!
(D) Dungeon (T) Temple (L) Lair (A) Shoals (P) Snake Pit (M) Slime Pits (O) Orcish Mines (E) Elven Halls (V) Vaults (C) Crypt (U) Depths (H) Hell (Z) Zot
Where to? (Tab/Enter - D:1 @ (x,y), ? - help)
What level of the Dungeon? (default 1, ? - help)
There is a stone staircase leading up here.
You climb upwards.
There is a stone staircase leading down here.
There is a stone staircase leading up here.
You climb upwards.
Level annotation: exclusion: downstairs
There is a stone staircase leading down here.
You open the door.
There is an open door here.
There is a staircase leading out of the dungeon here.
You have escaped!

#.###.#.###.#.###..).....#
##.
#........#...........#####
#.. #...###......>########
#.. #.....#..#....#### #..
#..##............# ###
##.#####.##.####'#
#..###..##.# #.#
#.......##.####.###
####.#.###.##..W..#
###.########.#########
##### #..'.............+.#
....# #######.#####.####.#
###.# ######.#####.####.#
###.####...+.........'...#
#
.........#######.######..#
#
.##.###†###...........##.#
#
.....##.#.######.#######.#
##


There were no monsters in sight!

Vanquished Creatures
  2 dread liches (Vaults:5)
  3 ancient liches
  4 orbs of fire (Zot:5)
  A juggernaut (Depths:2)
  Mara (Depths:2)
  5 Killer Klowns
  2 curse toes (Zot:4)
  13 golden dragons
  Nikola (Elf:3)
  A bone dragon (Depths:4)
  An electric golem (Zot:5)
  18 tentacled monstrosities
  4 Ice Fiends
  25 Orb Guardians
  Mlioglotl (Snake:1)
  4 liches
  A walking earthen tome (Depths:3)
  5 titans
  3 deep elf master archers (Elf:3)
  7 sphinxes
  A walking divine tome (Depths:3)
  4 deep elf blademasters
  11 death cobs
  7 quicksilver dragons
  Gastronok (D:8)
  3 tengu reavers
  11 shadow dragons
  15 storm dragons
  Donald (Shoals:1)
  3 frost giants
  9 draconian monks
  10 draconian knights
  3 protean progenitors
  6 nagarajas
  5 fire giants
  6 deep elf elementalists (Elf:3)
  9 draconian shifters
  An iron dragon (Depths:3)
  2 ghost moths
  A caustic shrike zombie (Depths:1)
  10 deep elf sorcerers
  2 balrugs
  7 draconian scorchers
  12 vault wardens
  18 ironbound preservers
  5 draconian annihilators
  A spriggan defender (Depths:3)
  3 orc warlords
  2 draconian stormcallers
  2 formless jellyfish
  23 very ugly things
  16 green draconians
  7 ironbound thunderhulks
  A juggernaut skeleton (Depths:1)
  2 broodmothers (Zot:3)
  The ghost of ytrimaz the Nimble, a journeyman OpSh of Ashenzari (Lair:3)
  18 stone giants
  7 deep elf demonologists
  15 white draconians
  5 deep elf death magi
  12 black draconians
  2 vampire knights (Vaults:2)
  11 dire elephants
  8 war gargoyles
  2 bunyips (Zot:2)
  12 purple draconians
  6 deep elf annihilators
  15 yellow draconians
  14 red draconians
  5 merfolk impalers
  A blizzard demon (D:9)
  16 ettins
  A green death (Depths:2)
  5 spark wasps
  4 merfolk javelineers
  10 yaktaur captains
  A deep elf high priest (Elf:3)
  A crystal guardian (Vaults:2)
  An entropy weaver (shapeshifter) (D:15)
  2 caustic shrike simulacra (IceCv)
  9 ice dragons
  9 fire dragons
  2 salamander tyrants (Snake:4)
  9 great orbs of eyes
  A rakshasa (Depths:4)
  30 vault guards
  3 peacekeepers
  7 spriggan air magi
  5 hydras
  A hell beast (Zot:5)
  13 anacondas
  2 ogre magi (Vaults:5)
  5 ironbound frosthearts
  3 merfolk avatars
  15 centaur warriors
  24 dancing weapons
  6 merfolk aquamancers
  7 two-headed ogres
  3 satyrs
  A two-headed ogre (shapeshifter) (Depths:3)
  3 tengu warriors
  9 boulder beetles
  A vampire mage (Vaults:2)
  3 orc high priests
  18 naga warriors
  4 deep troll earth magi
  2 soul eaters (Depths:3)
  5 death yaks (Lair:2)
  6 spriggan berserkers
  6 shock serpents
  6 deep troll shamans
  18 deep elf knights
  24 naga sharpshooters
  Nergalle (D:11)
  Sonja (Lair:4)
  3 salamander mystics
  7 skysharks
  16 hell knights
  A shadow wraith (Vaults:5)
  5 sun demons
  A skyshark (shapeshifter) (Depths:3)
  4 skeletal warriors
  5 iron trolls
  A shadow demon (D:7)
  A glowing orange brain (Vaults:4)
  12 mana vipers
  15 sea snakes
  8 naga ritualists
  52 deep trolls
  2 spectral anacondas (Snake:3)
  7 arcanists
  A spark wasp zombie (Depths:1)
  A spriggan simulacrum (IceCv)
  8 deep elf archers
  3 bog bodies (IceCv)
  4 flayed ghosts
  A thermic dynamo (Elf:3)
  2 obsidian statues (IceCv)
  14 ironbound convokers
  A harpy (shapeshifter) (Elf:3)
  13 lindwurms
  15 necromancers
  An anaconda skeleton (Snake:3)
  3 tengu zombies
  6 phantasmal warriors
  14 orc knights
  A fire giant zombie (Vaults:2)
  25 deep elf pyromancers
  13 deep elf zephyrmancers
  48 ugly things
  2 human zombies
  27 harpies
  A stone giant zombie (Vaults:2)
  6 orc sorcerers
  A wolf spider (Vaults:5)
  16 cyclopes
  14 manticores
  2 stone giant skeletons
  21 salamanders
  A faun (shapeshifter) (Vaults:5)
  10 fauns
  4 merfolk sirens
  22 moths of wrath
  6 elephants
  A meliai (D:13)
  30 black mambas
  A kobold blastminer (Orc:1)
  8 guardian serpents
  16 vault sentinels
  5 smoke demons
  An ice statue (Snake:2)
  2 gargoyles
  Joseph (D:9)
  14 naga magi
  5 water nymphs
  An unseen horror (D:10)
  Maggie (D:9)
  6 cane toads
  3 rime drakes
  An efreet (D:14)
  20 yaktaurs
  A spectral sea snake (Snake:3)
  2 rime drakes (shapeshifter)
  2 golden dragon simulacra (IceCv)
  8 komodo dragons
  2 spectral nagas (Snake:3)
  5 freezing wraiths
  A sea snake skeleton (Snake:3)
  6 tengu conjurers
  32 merfolk
  10 trolls
  An ice devil (IceCv)
  3 polar bears
  A shadow dragon simulacrum (Vaults:2)
  Prince Ribbit (D:9)
  6 hornets
  A spectral guardian serpent (Snake:3)
  12 wind drakes
  13 saltlings (Orc:2)
  8 blink frogs
  An alligator simulacrum (IceCv)
  A dream sheep (shapeshifter) (Vaults:5)
  23 dream sheep
  25 slime creatures
  A snapping turtle (shapeshifter) (Depths:2)
  5 snapping turtles
  An iron dragon simulacrum (Depths:1)
  2 wyverns
  10 spriggans
  3 fire elementals
  26 water elementals
  47 yaks
  3 vampires
  6 wraiths
  Grum (D:9)
  A basilisk (shapeshifter) (Elf:1)
  7 wargs
  7 basilisks
  A golden eye (shapeshifter) (D:15)
  4 steam dragons
  11 vampire mosquitoes
  A redback (shapeshifter) (Vaults:5)
  2 acid dragons
  2 harpy simulacra
  A swamp worm (shapeshifter) (Vaults:5)
  34 nagas
  7 water moccasins
  Duvessa (D:7)
  34 orc warriors
  A guardian serpent simulacrum (Snake:3)
  3 hydra simulacra (IceCv)
  2 ice beasts (D:6)
  2 sky beasts (D:6)
  4 ettin simulacra (IceCv)
  8 ogres
  5 black bears
  11 wolves
  12 centaurs
  2 laughing skulls (D:14)
  A boggart (Vaults:2)
  3 human skeletons (Vaults:2)
  A phantom (D:5)
  A kobold brigand (D:9)
  7 bullfrogs
  4 earth elementals
  A glowing shapeshifter simulacrum (Vaults:1)
  2 scorpions
  10 wights
  Dowan (D:7)
  4 killer bees (D:11)
  8 electric eels
  10 howler monkeys
  2 bombardier beetles
  3 jellies
  6 hounds
  14 orc priests
  2 gnoll boudas (D:6)
  Ijyb (D:3)
  Terence (D:2)
  4 iguanas
  19 orc wizards
  2 sleepcaps
  6 hell rats (Lair:4)
  A naga skeleton (Snake:3)
  10 gnolls
  11 adders
  5 naga simulacra (Snake:3)
  4 white imps
  2 dart slugs
  2 ribbon worms
  66 orcs
  7 bats
  6 endoplasms
  4 giant cockroaches
  5 goblins
  6 hobgoblins
  11 jackals
  5 quokkas
  5 ball pythons
  3 frilled lizards (D:1)
  9 kobolds
  10 rats
  An aspiring flesh (Zot:1)
2041 creatures vanquished.

Vanquished Creatures (others)
  An ironbound preserver (Vaults:5)
  A vault guard (Vaults:5)
  A deep elf knight (Elf:2)
  A deep elf zephyrmancer (Elf:2)
  A harpy (Shoals:1)
  A faun (Shoals:4)
  A manticore (D:14)
  Maurice (D:7)
  A merfolk siren (Shoals:1)
  A water nymph (Shoals:4)
  An orc wizard (D:4)
11 creatures vanquished.

Grand Total: 2052 creatures vanquished

Notes
Turn   | Place    | Note
-------+----------+-------------------------------------------
     0 | D:1      | ragingrage the Draconian Gladiator began the quest for the
                  | Orb.
     0 | D:1      | Reached XP level 1. HP: 17/17 MP: 1/1
   224 | D:1      | Found a faded altar of an unknown god.
   544 | D:1      | Reached XP level 2. HP: 15/24 MP: 2/2
  1116 | D:1      | Reached XP level 3. HP: 24/29 MP: 0/3
  1460 | D:2      | Reached skill level 1 in Stealth
  1559 | D:2      | Noticed Terence
  1987 | D:3      | Learned a level 2 spell: Jinxbite
  2054 | D:3      | Reached XP level 4. HP: 36/36 MP: 2/4
  2425 | D:3      | Noticed Ijyb
  2500 | D:3      | Reached skill level 1 in Hexes
  2622 | D:3      | Reached XP level 5. HP: 41/41 MP: 5/5
  2862 | D:4      | Reached skill level 5 in Long Blades
  2980 | D:4      | Found an ornate altar of the Wu Jian Council.
  2986 | D:4      | Gained mutation: Your magical capacity is low. (-10% MP)
                  | [potion of mutation]
  2986 | D:4      | Gained mutation: You are dopey. (Int -2) [potion of
                  | mutation]
  2986 | D:4      | Gained mutation: Your spells are a little harder to cast,
                  | but a little more powerful. [potion of mutation]
  3044 | D:4      | Noticed a black bear
  3136 | D:4      | Reached XP level 6. HP: 45/48 MP: 5/5
  4092 | D:5      | Entered Level 5 of the Dungeon
  4107 | D:5      | Your scales start taking on an icy white colour.
  4107 | D:5      | Reached XP level 7. HP: 49/55 MP: 4/6
  4107 | D:5      | Gained mutation: Your flesh is cold resistant. (rC+) [White
                  | Draconian growth]
  4154 | D:5      | Identified the ring of Twilight {rN+ MP+9 Str+3}
  4317 | D:5      | Found a glowing drain.
  4771 | D:5      | Found a stormy altar of Qazlal.
  4809 | D:5      | Found Tuthra's Book Emporium.
  5121 | D:6      | Reached XP level 8. HP: 61/61 MP: 7/7
  5517 | D:6      | Noticed a troll
  5542 | D:6      | Killed a troll
  5587 | D:6      | Reached skill level 10 in Long Blades
  5807 | D:6      | Found the +18 Lear's hauberk
  5960 | D:6      | Found a staircase to the Ecumenical Temple.
  5977 | Temple   | Entered the Ecumenical Temple
  5991 | Temple   | Became a worshipper of Warmaster Okawaru
  6052 | D:6      | Reached XP level 9. HP: 54/69 MP: 8/8
  6405 | D:7      | Noticed Duvessa
  6451 | D:7      | Killed Duvessa
  6470 | D:7      | Noticed Dowan
  6475 | D:7      | Killed Dowan
  6514 | D:7      | Learned a level 3 spell: Ozocubu's Armour
  6523 | D:7      | Noticed Maurice
  6649 | D:7      | Reached skill level 1 in Ice Magic
  7015 | D:7      | Something stole a ring of fire
  7017 | D:7      | Something stole a staff of conjuration
  7018 | D:7      | Something stole an orb of guile
  7022 | D:7      | Something stole 489 gold
  7029 | D:7      | Killed Maurice
  7288 | D:7      | Reached * piety under Okawaru
  7415 | D:8      | Noticed Gastronok
  7597 | D:8      | Noticed a troll
  7650 | D:8      | Killed a troll
  8163 | D:8      | Found a staircase to the Lair.
  8356 | D:8      | Killed Gastronok
  8356 | D:8      | Reached ** piety under Okawaru
  8356 | D:8      | Reached *** piety under Okawaru
  8357 | D:8      | Reached XP level 10. HP: 33/77 MP: 8/9
  8740 | D:8      | Noticed a centaur warrior
  8740 | D:8      | Noticed a two-headed ogre
  8741 | D:8      | Noticed a centaur warrior
  8750 | D:8      | Identified the +0 robe "Feofiogg" {*Slow rF+ rC+ MP+9}
  8751 | D:8      | Noticed a manticore
  8760 | D:8      | Noticed a cyclops
  8774 | D:8      | Got Xirrohil's Atlas of the Fair Folk and the Geodesic
  9138 | D:9      | Reached skill level 5 in Short Blades
  9149 | D:9      | Reached **** piety under Okawaru
  9315 | D:9      | Found Acexkoso's Elemental Accessories.
  9317 | D:9      | Noticed Maggie
  9340 | D:9      | Killed Maggie
  9483 | D:9      | Noticed Prince Ribbit
  9502 | D:9      | Killed Prince Ribbit
  9543 | D:9      | Noticed Joseph
  9600 | D:10     | Entered Level 10 of the Dungeon
  9632 | D:9      | Noticed a two-headed ogre
  9643 | D:9      | Killed a two-headed ogre
  9703 | D:9      | Found a glowing silver altar of Zin.
  9733 | D:9      | Identified the +1 short sword of Cheibriados's Favour
                  | {elec, Dex+5}
  9755 | D:9      | Learned a level 3 spell: Frozen Ramparts
  9916 | D:9      | Noticed Grum
  9934 | D:9      | Reached XP level 11. HP: 82/82 MP: 9/9
  9948 | D:9      | Killed Grum
  9948 | D:9      | Reached ***** piety under Okawaru
 10013 | D:9      | Found a sparkling altar of Nemelex Xobeh.
 10145 | D:9      | Killed Joseph
 11187 | D:10     | Reached skill level 10 in Short Blades
 11800 | D:11     | Noticed Nergalle
 11914 | D:11     | Noticed a skeletal warrior
 11925 | D:11     | Noticed a skeletal warrior
 12155 | D:10     | Received a gift from Okawaru
 12487 | Lair:1   | Entered Level 1 of the Lair of Beasts
 12720 | Lair:1   | Reached skill level 1 in Invocations
 12790 | Lair:1   | Reached skill level 1 in Spellcasting
 13423 | Lair:1   | Received a gift from Okawaru
 13560 | Lair:1   | Found a basalt altar of Yredelemnul.
 13633 | Lair:1   | Noticed an oklob plant
 14294 | Lair:1   | Reached XP level 12. HP: 44/89 MP: 10/14
 14299 | Lair:1   | Reached skill level 5 in Invocations
 15263 | D:9      | Bought a lightning rod (4/4) for 560 gold pieces
 15435 | D:2      | Killed Terence
 15752 | D:3      | Killed Ijyb
 16065 | Lair:2   | Noticed a death yak
 16065 | Lair:2   | Noticed a death yak
 16068 | Lair:2   | Noticed a death yak
 16068 | Lair:2   | Noticed a death yak
 16070 | Lair:2   | Noticed a death yak
 16080 | Lair:2   | Killed a death yak
 16081 | Lair:2   | Reached skill level 1 in Evocations
 16082 | Lair:2   | Killed a death yak
 16086 | Lair:2   | Killed a death yak
 16096 | Lair:2   | Killed a death yak
 16098 | Lair:2   | Killed a death yak
 16098 | Lair:2   | Reached ****** piety under Okawaru
 16152 | Lair:2   | Acquired a +1 quick blade of protection
 16152 | Lair:2   | Received a gift from Okawaru
 16421 | Lair:2   | Noticed a six-headed hydra
 16438 | Lair:2   | Killed a six-headed hydra
 16438 | Lair:2   | Received a gift from Okawaru
 16960 | Lair:3   | Found a transporter.
 16961 | Lair:3   | Found a bloodstained altar of Trog.
 16962 | Lair:3   | Noticed ytrimaz's ghost (journeyman OpSh)
 16968 | Lair:3   | Found a transporter.
 17198 | Lair:3   | Found a staircase to the Shoals.
 17533 | Lair:3   | Found a staircase to the Snake Pit.
 18033 | Lair:4   | Noticed a five-headed hydra
 18138 | Lair:4   | Reached skill level 5 in Shapeshifting
 18339 | Lair:4   | Received a gift from Okawaru
 18731 | Lair:4   | Reached XP level 13. HP: 96/96 MP: 15/15
 18850 | Lair:4   | You fall into a shaft and drop 1 floor!
 18850 | Lair:5   | Entered Level 5 of the Lair of Beasts
 19333 | Lair:5   | Found a viscous altar of Jiyva.
 19334 | Lair:5   | Found a staircase to the Slime Pits.
 19617 | Lair:4   | Noticed Sonja
 19620 | Lair:4   | Killed Sonja
 19851 | Lair:4   | Identified 2 scrolls of acquirement
 20694 | Lair:4   | Acquired a +0 triple sword of freezing
 20696 | Lair:4   | Acquired the +1 cloak of Starlight {*Dazzle EV+4 Stlth--}
 20696 | Lair:4   | Found the +1 cloak of Starlight {*Dazzle EV+4 Stlth--}
 20963 | Lair:5   | Received a gift from Okawaru
 21008 | Lair:5   | Reached skill level 10 in Shapeshifting
 21094 | Lair:5   | Reached skill level 5 in Dodging
 21113 | Lair:5   | Learned a level 3 spell: Fugue of the Fallen
 21170 | Lair:5   | Reached skill level 5 in Fighting
 21500 | Lair:5   | Received a gift from Okawaru
 21590 | Lair:5   | Found the +0 mask of the Dragon {Will+ Slay+3 SInv}
 22628 | D:11     | Found a hazy altar of Hepliaklqana.
 22833 | D:11     | Reached skill level 1 in Necromancy
 22994 | D:11     | Killed Nergalle
 22994 | D:11     | Received a gift from Okawaru
 23085 | D:11     | Reached XP level 14. HP: 98/111 MP: 14/17
 23751 | D:12     | Found a staircase to the Orcish Mines.
 24094 | D:12     | Found a roughly hewn altar of Beogh.
 24729 | Orc:1    | Entered Level 1 of the Orcish Mines
 24802 | Orc:1    | Noticed an orc warlord
 24816 | Orc:1    | Killed an orc warlord
 24826 | Orc:1    | Received a gift from Okawaru
 24990 | Orc:1    | Found a roughly hewn altar of Beogh.
 25191 | Orc:2    | Entered Level 2 of the Orcish Mines
 25276 | Orc:2    | Found a staircase to the Elven Halls.
 25709 | Orc:2    | Noticed an orc warlord
 26476 | Orc:2    | Received a gift from Okawaru
 26695 | Orc:2    | Killed an orc warlord
 26790 | Orc:2    | Found Hus Woschotzo's Assorted Antiques.
 26797 | Orc:2    | Bought a scroll labelled YKE RUESOSICEWKO for 28 gold
                  | pieces
 26797 | Orc:2    | Bought a silver ring for 140 gold pieces
 26811 | Orc:2    | Found Tuebloc's Jewellery Boutique.
 26812 | Orc:2    | Found a roughly hewn altar of Beogh.
 26813 | Orc:2    | Found Hacotal's Weapon Boutique.
 26849 | Orc:2    | Found Ymen's General Store.
 26855 | Orc:2    | Bought a scroll of immolation for 40 gold pieces
 27110 | D:13     | Found a gate to the Vaults.
 27110 | D:13     | Noticed an ironbound preserver
 27123 | D:13     | Killed an ironbound preserver
 27124 | D:13     | Reached skill level 5 in Necromancy
 27189 | D:13     | Reached XP level 15. HP: 89/123 MP: 13/19
 27401 | D:13     | Received a gift from Okawaru
 27592 | D:13     | Found Kuzyrokh's Assorted Antiques.
 27773 | D:13     | Bought a scroll labelled BOSAZUOLUIKK for 22 gold pieces
 27773 | D:13     | Bought a scroll labelled YKE RUESOSICEWKO for 22 gold
                  | pieces
 27800 | D:13     | Found a sacrificial altar of Ru.
 28396 | D:14     | Got Vv's Folio of Frozen Cinders
 28432 | D:14     | Received a gift from Okawaru
 29058 | D:15     | Entered Level 15 of the Dungeon
 29133 | D:15     | Reached skill level 5 in Stealth
 29319 | D:15     | Received a gift from Okawaru
 29501 | D:15     | Reached skill level 10 in Fighting
 29657 | D:15     | Found Uhozxuv's Antique Weapon Emporium.
 29671 | D:15     | Bought a bone quick blade for 740 gold pieces
 29671 | D:15     | Identified the +9 quick blade of Dynodem {freeze, Str+3
                  | Dex+3} (You bought it in a shop on level 15 of the Dungeon)
 29827 | D:15     | Found a staircase to the Depths.
 30091 | Snake:1  | Entered Level 1 of the Snake Pit
 30145 | Snake:1  | Reached skill level 10 in Dodging
 30163 | Snake:1  | Received a gift from Okawaru
 30177 | Snake:1  | Reached skill level 1 in Shields
 30496 | Snake:1  | Noticed a nagaraja
 30505 | Snake:1  | Killed a nagaraja
 30534 | Snake:1  | Received a gift from Okawaru
 30535 | Snake:1  | Reached XP level 16. HP: 108/135 MP: 12/20
 30545 | Snake:1  | Reached skill level 5 in Evocations
 31208 | Snake:1  | Found a bloodstained altar of Trog.
 31223 | Snake:1  | Noticed Mlioglotl
 31245 | Snake:1  | Killed Mlioglotl
 31256 | Snake:1  | Reached skill level 10 in Invocations
 31735 | Snake:2  | Received a gift from Okawaru
 31799 | Snake:2  | Found a glacial archway.
 31816 | IceCv    | Entered an ice cave
 32531 | IceCv    | Noticed an Ice Fiend
 32545 | IceCv    | Killed an Ice Fiend
 33532 | Snake:2  | Acquired the +0 kite shield of Past Mistakes {rElec rCorr
                  | Str-3 Int+5}
 33532 | Snake:2  | Received a gift from Okawaru
 33642 | Snake:3  | Found Wozevy's Magic Scroll Boutique.
 33771 | Snake:3  | Received a gift from Okawaru
 34428 | Snake:3  | Received a gift from Okawaru
 34563 | Snake:4  | Entered Level 4 of the Snake Pit
 34755 | Snake:4  | Found Sefioch's Magic Scroll Emporium.
 34758 | Snake:4  | Found Uthrit's Magic Scroll Shoppe.
 34758 | Snake:4  | Found Bewi's Jewellery Emporium.
 34763 | Snake:4  | Found Ycec's Antique Weapon Shoppe.
 34903 | Snake:4  | Reached XP level 17. HP: 137/146 MP: 19/22
 35106 | Snake:4  | Received a gift from Okawaru
 35532 | Snake:4  | Received a gift from Okawaru
 35644 | Snake:4  | Reached skill level 5 in Shields
 35736 | Snake:4  | Found Arhyffecs's Magic Scroll Shoppe.
 36335 | Snake:4  | Reached skill level 5 in Throwing
 36441 | Snake:4  | Received a gift from Okawaru
 36617 | Snake:4  | Found an iron altar of Okawaru.
 36636 | Snake:4  | Got a serpentine rune of Zot
 36828 | Shoals:1 | Entered Level 1 of the Shoals
 37321 | Shoals:1 | Noticed Donald
 37342 | Shoals:1 | Killed Donald
 37482 | Shoals:1 | Received a gift from Okawaru
 37889 | Shoals:2 | Acquired 399 gold pieces
 38246 | Shoals:3 | Reached XP level 18. HP: 158/158 MP: 23/23
 38556 | Shoals:3 | Received a gift from Okawaru
 38583 | Shoals:4 | Entered Level 4 of the Shoals
 38583 | Shoals:4 | Found Asauqof's Distillery.
 39530 | Shoals:4 | Received a gift from Okawaru
 39580 | Shoals:4 | Reached skill level 10 in Ice Magic
 39687 | Shoals:4 | Got a barnacled rune of Zot
 39959 | Shoals:4 | Received a gift from Okawaru
 40072 | Shoals:4 | Identified the storm talisman "Awabett" {rN+ Dex+3}
 40161 | Shoals:4 | Found the +8 lance "Wyrmbane" {slay drac, rPois rF+ rC+
                  | AC+3}
 40203 | Shoals:4 | Identified the +8 spear "Wek Uqae" {freeze, rF+ Will+}
 40617 | Lair:3   | Killed ytrimaz's ghost
 40767 | Snake:4  | Bought the ring of Laka {rN+ AC+4 Int+2 Slay+3} for 1216
                  | gold pieces
 41109 | Elf:1    | Entered Level 1 of the Elven Halls
 41160 | Elf:1    | Found a runed translucent gate.
 41161 | Elf:1    | Found a runed translucent gate.
 41162 | Elf:1    | Found a runed translucent gate.
 41163 | Elf:1    | Noticed jestert79's ghost (adept GnSu)
 42048 | Elf:2    | Noticed a Tzitzimitl
 42109 | Elf:2    | Noticed a Tzitzimitl
 42290 | Elf:2    | Reached skill level 15 in Fighting
 42349 | Elf:2    | Received a gift from Okawaru
 42378 | Elf:2    | Reached skill level 10 in Shields
 42648 | Elf:3    | Entered Level 3 of the Elven Halls
 42649 | Elf:3    | Acquired the ring "Usikiez" {rF+ rC+ MP+9 Int-2}
 42816 | Elf:3    | Reached XP level 19. HP: 141/170 MP: 19/24
 42833 | Elf:3    | Received a gift from Okawaru
 43481 | Elf:3    | Noticed Nikola
 43498 | Elf:3    | Killed Nikola
 43738 | Elf:3    | Identified the +7 battleaxe of Rounubb {vamp, rElec rCorr
                  | Str+4}
 43760 | Elf:3    | Received a gift from Okawaru
 43777 | Elf:3    | Noticed a Brimstone Fiend
 43816 | Elf:3    | Identified the +11 crystal plate armour of Prudence
                  | {Slay+4}
 43914 | Elf:3    | Identified the staff "Ogre's Foe" {rElec Will+ Air Alchemy}
 43939 | Elf:3    | Identified the +4 chain mail of the Loofah {rPois Int-4
                  | Slay+2}
 43965 | Elf:3    | Identified the +4 shortbow of Sulphur {elec, rF+ Will++
                  | rCorr Str-2}
 43986 | Elf:3    | Identified the +5 plate armour "Jaigrups" {rC- Dex+4}
 44863 | Vaults:1 | Entered Level 1 of the Vaults
 45174 | Vaults:1 | Received a gift from Okawaru
 45337 | Vaults:1 | Reached skill level 15 in Shields
 45739 | Vaults:1 | Received a gift from Okawaru
 46088 | Vaults:2 | Reached XP level 20. HP: 178/178 MP: 25/25
 46397 | Vaults:2 | Received a gift from Okawaru
 46761 | Vaults:2 | Found Hakkoawn's Weapon Boutique.
 46981 | Vaults:2 | Found a staircase to the Crypt.
 47164 | Vaults:2 | Received a gift from Okawaru
 47177 | Vaults:2 | Identified the +7 spear of Qyev {holy, rPois Will+++ Str-2
                  | Int-5}
 47178 | Vaults:2 | Identified the amulet "Deont" {Regen+ RegenMP+ Slay+2}
 47236 | Vaults:2 | Identified the +7 dagger of the Endless March {heavy, rC+
                  | Str+3}
 47243 | Vaults:2 | Identified the +7 dagger of the Freezing Gods {freeze,
                  | Will++ Int-2}
 47896 | Vaults:3 | Identified the ring "Reiny" {rPois Int+8}
 48077 | Vaults:3 | Received a gift from Okawaru
 48340 | Vaults:3 | Paralysed by a formless jellyfish for 1 turns
 48607 | Vaults:3 | Received a gift from Okawaru
 48836 | Vaults:4 | Found Fichuw's Assorted Antiques.
 48838 | Vaults:4 | Found Sog Dekk's Magic Scroll Shop.
 48904 | Vaults:4 | Found Wiuseem's Antique Armour Shop.
 48977 | Vaults:4 | Found a flickering gateway to a bazaar.
 48994 | Bazaar   | Entered a bazaar
 48998 | Bazaar   | Found Zypu's Jewellery Boutique.
 49020 | Bazaar   | Found Tylionis's Antique Weapon Emporium.
 49041 | Bazaar   | Found Damnaara's Book Boutique.
 49046 | Bazaar   | Bought a book of Spatial Translocations for 234 gold pieces
 49061 | Bazaar   | Found Unnen's Armour Shoppe.
 49336 | Vaults:4 | Received a gift from Okawaru
 49350 | Vaults:4 | Reached XP level 21. HP: 188/188 MP: 26/26
 49517 | Vaults:4 | Identified the +6 orcbow of the Vulture {antimagic, rElec
                  | rC+}
 49552 | Vaults:4 | Bought a scroll of enchant armour for 180 gold pieces
 49883 | Vaults:4 | Acquired a +3 quick blade of draining
 49991 | Vaults:4 | Received a gift from Okawaru
 50009 | Vaults:4 | Identified the +0 chain mail of Magic {rPois Str-2 Dex+4}
 50689 | Elf:2    | Found a runed translucent gate.
 50690 | Elf:2    | Found a runed translucent gate.
 50690 | Elf:2    | Found a runed translucent gate.
 50858 | Elf:2    | Received a gift from Okawaru
 52176 | Vaults:5 | Entered Level 5 of the Vaults
 52180 | Vaults:5 | Noticed a dread lich
 52207 | Vaults:5 | Noticed a golden dragon
 52229 | Vaults:5 | Noticed a golden dragon
 52258 | Vaults:5 | Killed a golden dragon
 52281 | Vaults:5 | Received a gift from Okawaru
 52331 | Vaults:5 | Identified the +1 broad axe "Earthworm" {protect, rN+
                  | Stlth+}
 52358 | Vaults:5 | Reached skill level 10 in Throwing
 52366 | Vaults:5 | Received a gift from Okawaru
 52444 | Vaults:5 | Reached XP level 22. HP: 177/195 MP: 27/27
 52491 | Vaults:5 | Killed a golden dragon
 52491 | Vaults:5 | Received a gift from Okawaru
 52614 | Vaults:5 | Noticed a dread lich
 52623 | Vaults:5 | Killed a dread lich
 52845 | Vaults:5 | Identified the +11 flail "Quh Tipp" {protect, rC+ Will+
                  | Str+2 Stlth+}
 52972 | Vaults:5 | Received a gift from Okawaru
 53002 | Vaults:5 | Got a silver rune of Zot
 53090 | Vaults:5 | Identified the ring "Xonyw" {Wiz rCorr Int+3}
 53091 | Vaults:5 | Identified the staff "Impslayer" {rN+ Int+5 Dex+3 Necro}
 53183 | Vaults:5 | Identified the +2 battleaxe "Juis Ite" {elec, MP+9}
 53226 | Vaults:5 | Gained mutation: You occasionally lose the ability to drink
                  | potions when taking damage. [a cacodemon]
 53229 | Vaults:5 | Killed a dread lich
 54582 | Depths:1 | Entered Level 1 of the Depths
 54608 | Depths:1 | Found a broken altar of Ashenzari.
 54644 | Depths:1 | Found a one-way gate leading to the halls of Pandemonium.
 54695 | Depths:1 | Found a one-way gate to the infinite horrors of the Abyss.
 54845 | Depths:1 | Found a gateway to Hell.
 55343 | Depths:2 | Received a gift from Okawaru
 55363 | Depths:2 | Learned a level 3 spell: Passwall
 55543 | Depths:2 | Reached skill level 1 in Earth Magic
 55619 | Depths:2 | Noticed a golden dragon
 55627 | Depths:2 | Killed a golden dragon
 55658 | Depths:2 | Noticed a golden dragon
 55667 | Depths:2 | Killed a golden dragon
 55686 | Depths:2 | Received a gift from Okawaru
 55872 | Depths:2 | Noticed a juggernaut
 55876 | Depths:2 | Noticed Mara
 55879 | Depths:2 | Noticed ragingrage's illusion
 56085 | Depths:3 | Reached XP level 23. HP: 200/204 MP: 28/28
 56121 | Depths:3 | Acquired 1084 gold pieces
 56187 | Depths:2 | Noticed ragingrage's illusion
 56195 | Depths:2 | Killed a juggernaut
 56240 | Depths:2 | Killed Mara
 56403 | Depths:2 | Found Tuqy's Weapon Shop.
 56431 | Depths:2 | Received a gift from Okawaru
 56562 | Depths:2 | Found a one-way gateway to a ziggurat.
 56751 | Depths:2 | Identified the +7 dire flail of the Vaults {heavy, Int+5}
 56764 | Depths:2 | Got Zumoach's Anthology of Bruises
 56935 | Depths:3 | Identified the +0 ring mail "Hoel" {rC+ Regen+ Dex+3}
 56969 | Depths:3 | Found a runed translucent door.
 56971 | Depths:3 | Noticed an ancient lich
 56988 | Depths:3 | Killed an ancient lich
 56998 | Depths:3 | Received a gift from Okawaru
 57014 | Depths:3 | Identified the +6 scale mail "Osseth" {Str+3 Dex-4 SInv}
 57015 | Depths:3 | Identified the +5 battleaxe "Wiotomp" {flame, Will++ Str+3}
 57229 | Depths:3 | Reached skill level 5 in Earth Magic
 57677 | Depths:3 | Found Lotzidurch's Magic Scroll Shoppe.
 57685 | Depths:3 | Bought a scroll of fog for 48 gold pieces
 57685 | Depths:3 | Bought a scroll of teleportation for 36 gold pieces
 57983 | Depths:4 | Entered Level 4 of the Depths
 58168 | Depths:4 | Found Xisi's Antique Weapon Emporium.
 58195 | Depths:4 | Found Vonuy's Magic Scroll Emporium.
 58441 | Depths:4 | Received a gift from Okawaru
 58453 | Depths:4 | Identified the +0 hand axe of Subterfuge {heavy, *Noise
                  | rPois rN+ Dex+3}
 58510 | Depths:4 | Found Mepeah's Gadget Gallery.
 58517 | Depths:4 | Bought a wand of digging (6) for 277 gold pieces
 58749 | Depths:4 | Reached skill level 10 in Stealth
 58819 | Depths:4 | Found a runed translucent door.
 58827 | Depths:4 | Found a runed translucent door.
 58828 | Depths:4 | Found a runed translucent door.
 58939 | Depths:4 | Found a runed translucent door.
 59043 | Depths:4 | Found a runed translucent door.
 59050 | Depths:4 | Found a runed translucent door.
 59326 | Orc:2    | Bought the ring of Zuesch {rPois Will+ Int+3 SInv} for 560
                  | gold pieces
 59593 | Depths:4 | Bought a scroll of blinking for 135 gold pieces
 59593 | Depths:4 | Bought a scroll of teleportation for 54 gold pieces
 59593 | Depths:4 | Bought a scroll of immolation for 72 gold pieces
 59749 | Depths:4 | Found a gate to the Realm of Zot.
 59760 | Zot:1    | Entered Level 1 of the Realm of Zot
 59825 | Zot:1    | Reached XP level 24. HP: 94/216 MP: 28/28
 59825 | Zot:1    | Received a gift from Okawaru
 60244 | Zot:1    | Reached skill level 15 in Dodging
 60961 | Zot:1    | Received a gift from Okawaru
 61215 | Zot:2    | Reached skill level 15 in Shapeshifting
 61362 | Zot:2    | Received a gift from Okawaru
 61870 | Zot:2    | Noticed a Killer Klown
 61876 | Zot:2    | Killed a Killer Klown
 61924 | Zot:3    | Noticed an ancient lich
 61924 | Zot:3    | Noticed a Killer Klown
 61930 | Zot:3    | Noticed a Killer Klown
 61935 | Zot:3    | Noticed a Killer Klown
 61939 | Zot:3    | Killed a Killer Klown
 61943 | Zot:3    | Killed an ancient lich
 61943 | Zot:3    | Received a gift from Okawaru
 61950 | Zot:3    | Killed a Killer Klown
 61961 | Zot:3    | Killed a Killer Klown
 62047 | Zot:3    | Reached skill level 10 in Evocations
 62224 | Zot:3    | Reached XP level 25. HP: 228/228 MP: 28/28
 62817 | Zot:4    | Received a gift from Okawaru
 62821 | Zot:4    | Reached skill level 15 in Throwing
 63548 | Vaults:4 | Bought a scroll of enchant armour for 180 gold pieces
 64586 | Zot:5    | Entered Level 5 of the Realm of Zot
 64716 | Zot:5    | Received a gift from Okawaru
 65255 | Zot:5    | Noticed an ancient lich
 65271 | Zot:5    | Killed an ancient lich
 65306 | Zot:5    | Noticed an orb of fire
 65316 | Zot:5    | Killed an orb of fire
 65323 | Zot:5    | Noticed an orb of fire
 65329 | Zot:5    | Noticed a Killer Klown
 65330 | Zot:5    | Killed an orb of fire
 65330 | Zot:5    | Received a gift from Okawaru
 65336 | Zot:5    | Killed a Killer Klown
 65641 | Zot:5    | Noticed an orb of fire
 65643 | Zot:5    | Noticed an orb of fire
 65653 | Zot:5    | Killed an orb of fire
 65653 | Zot:5    | Received a gift from Okawaru
 65657 | Zot:5    | Killed an orb of fire
 65680 | Zot:5    | Got the Orb of Zot
 65798 | Zot:4    | Noticed Fifittu the pandemonium lord
 65818 | Zot:3    | Noticed Jagauz the pandemonium lord
 66064 | D:9      | Reached XP level 26. HP: 161/244 MP: 28/28
 66232 | D:4      | Noticed Geff the pandemonium lord
 66279 | D:$      | Escaped with the Orb!

Illustrated notes

Levels and vault maps discovered:
D:1:      shiori_shiawase, layout_loops_corners,
          shapermc_ecumenical_altar_pompeii
D:2:      layout_loops_ring, uniq_terence
D:3:      layout_basic, minmay_misc_feat_four_crosses, uniq_ijyb
D:4:      layout_basic, old_standard_altar
D:5:      layout_loops_cross, nicolae_qazlal_scattered_showers, serial_shops,
          kennysheep_little_box, gup_sewer_entry_pipe, corexii_corridor_pit
D:6:      layout_basic, minmay_temple_entry_junction,
          hellmonk_guarded_unrand_lears
D:7:      layout_gridville, uniq_maurice, uniq_duvessa
D:8:      layout_loops_ring, lair_entry_dummy, chequers_big_river, minivault_12,
          uniq_gastronok
D:9:      layout_loops_ring, mainiacjoe_overflow_brackets,
          nemelex_spade_bored_becter, minmay_statues_item,
          nicolae_elemental_shop, uniq_grum, uniq_prince_ribbit1, uniq_maggie,
          uniq_joseph
D:10:     layout_basic, minmay_fractal_squares_5
D:11:     nicolae_moon_pools, layout_loops_cross,
          nicolae_hepliaklqana_hazy_memory, uniq_nergalle
D:12:     layout_rooms, minmay_orc_entry_temple_small
D:13:     layout_long_grid, skrybe_vaults_entry_preservation, serial_shops,
          nicolae_shop_tiny_glass, nicolae_ru_the_path_less_chosen
D:14:     layout_roguey, minmay_hedge_maze
D:15:     hangedman_depths_entry_civil_slaughter, layout_rooms, serial_shops,
          shop, hangedman_abyss_or_decor_stagger, minmay_crystal_room
Temple:   nicolae_temple_bog_church
Lair:1:   layout_cave_pods, basic_altar, minmay_lair_oklob_bushes,
          gammafunk_lair_bear_cave
Lair:2:   layout_concentric_octagons, infiniplex_staircase_pool
Lair:3:   layout_regular_city, minmay_shoals_entry_beasts,
          guppyfry_snake_entry_island, gammafunk_ghost_wrathful_warriors
Lair:4:   layout_roguey, serial_bayou_shore_b, uniq_sonja
Lair:5:   gammafunk_lair_ancient_temple, layout_loops_ring, slime_entry_1
Shoals:1: layout_shoals, uniq_donald
Shoals:2: layout_shoals
Shoals:3: layout_shoals, nicolae_shoals_dead_sea_scrolls
Shoals:4: shoals_end_grunt_ice, layout_shoals, serial_shops, shop
Snake:1:  layout_rooms, basic_altar, serial_curves, eino_curves_02,
          eino_curves_02, nicolae_snake_storage_room, lemuel_fruit_tree,
          uniq_mlioglotl
Snake:2:  layout_grid_maze, portal_ice_cave_entry_ice_statue_one
Snake:3:  layout_rooms, serial_shops, nicolae_shop_peninsula,
          serial_bayou_pond_e, nicolae_snake_the_dead_are_slithering
Snake:4:  grunt_snake_rune_serpentine_throne, layout_cave_town, serial_shops,
          nicolae_shop_crystal, grunt_ministairs_4, minmay_shoptagon,
          serial_bayou_shore_a
Orc:1:    layout_caves, nicolae_orc_seminary
Orc:2:    hellmonk_orc_salted, layout_diamond_mine
Elf:1:    layout_onion_city, gammafunk_ghost_split, minmay_misc_feat_ornament,
          nicolae_zig_zag_zippers
Elf:2:    nicolae_elf_blades_crystal_corner, layout_loops_cross
Elf:3:    minmay_elf_hall_quartered_circle, layout_gridlike,
          nicolae_elf_martial_mastery, uniq_nikola
Vaults:1: hangedman_vaults_corner, nicolae_vaults_cornered_office,
          hangedman_vaults_corner_blocks, ontoclasm_vaults_eye,
          ontoclasm_vaults_gateway, nicolae_vaults_trapezoid_lopsided_4,
          nicolae_vaults_surprise_closet, v_alt_pattern_1,
          nicolae_vaults_little_squares_4, nicolae_vaults_mini_display_case,
          nicolae_vaults_tetromino_L_1, layout_vaults_omnicross
Vaults:2: minmay_crypt_entry_simple_plaza, vaults_room_semicircle,
          nicolae_vaults_more_shelving_2, nicolae_vaults_little_squares_5,
          vaults_room_boxed, lightli_orcish_oven, v_misc_28,
          ontoclasm_vaults_idyll, nicolae_vaults_network_barrier,
          nicolae_vaults_storing_the_good_stuff,
          ontoclasm_vaults_loading_screen, vaults_dpeg_emergency_exit,
          vaults_room_grunt_arrival_checkpoint, layout_vaults_omnibox,
          serial_shops, shop
Vaults:3: vaults_mumra_minichess, nicolae_vaults_tetromino_L_1,
          vaults_room_pool, nicolae_vaults_tetromino_Z_1,
          dpeg_vaults_monster_row, nicolae_vaults_closet_pinwheel_5,
          nicolae_vaults_shelves_hall, nicolae_vaults_diagonal_hallway_6,
          layout_vaults_quadrants
Vaults:4: nicolae_vaults_three_branches, v_alt_pattern_3,
          hangedman_vaults_nails, nicolae_vaults_network_square,
          nicolae_vaults_sesquioval_fish, vaults_room_corners,
          nicolae_vaults_six-pack, v_misc_8, ontoclasm_vaults_tryst,
          nicolae_vaults_trapezoid_2, layout_vaults_big_room, serial_shops,
          bzr_firewalk, nicolae_shop_tiny_waterfront, shop, shop
Vaults:5
Depths:1: kennysheep_cluttered_fort, layout_cave_pools, hell_entry,
          nrook_mini_backslash, pan_entry, abyss_entry, minmay_liquid_box,
          drop_trap, cheibrodos_ashenzari_chains
Depths:2: minmay_the_grid_plus [minmay_the_grid_x, minmay_the_grid_box_x,
          minmay_the_grid_plusring, minmay_the_grid_tree,
          minmay_the_grid_prize_trominoes], layout_gridlike, enter_ziggurat_a,
          grunt_pan_entry_in_and_out, hell_entry, abyss_entry, serial_shops,
          nicolae_shop_bloodbath_and_beyond, uniq_mara
Depths:3: minmay_gate_of_8, layout_basic, hellmouth_3,
          abyss_entry_small_statue_room, minmay_misc_feat_alley, serial_shops,
          shop, minmay_staircase_windowed_large
Depths:4: evilmike_zot_entry_castle, layout_basic, grunt_hell_entry_dis_mu,
          serial_bayou_pond_a, serial_shops, shop, nicolae_shop_tiny_glass,
          minmay_misc_feat_iff, nicolae_shop_gadgets, serial_bayou_shore_b
Zot:1:    layout_twisted_circle, zot_minivault_4
Zot:2:    layout_misc_corridors, regret_index_zotdec_barnacled_simple,
          skrybe_zot_glass_2
Zot:3:    ebering_klown_carousel, layout_twisted_circle
Zot:4:    layout_gridlike
Zot:5:    layout_cathedral_of_symmetry, lemuel_baited_zot_trap

Skill      XL: |  1  2  3  4  5  6  7  8  9 10 11 12 13 14 15 16 17 18 19 20 21 22 23 24 25 |
---------------+----------------------------------------------------------------------------+-----
Long Blades    | 4 5 6 8 10 12 | 12.0
Stealth        | 1 2 3 5 6 8 10 | 10.0
Hexes          | 1 2 3 4 |  4.0
Fighting       | 3 4 6 8 10 12 13 15 16 18 19 21 | 21.0
Dodging        | 4 6 7 10 11 12 13 14 15 16 | 16.3
Ice Magic      | 6 7 8 9 10 | 10.0
Short Blades   | 3 8 11 | 11.8
Invocations    | 4 5 7 9 11 12 | 12.0
Spellcasting   | 1 2 |  2.0
Throwing       | 3 4 5 6 10 12 13 14 16 | 16.0
Evocations     | 2 4 7 10 11 | 11.0
Shapeshifting  | 7 10 11 12 13 14 15 16 | 16.0
Necromancy     | 1 5 7 8 9 |  9.0
Shields        | 1 3 6 10 16 18 20 21 | 21.0
Earth Magic    | 2 5 7 |  7.0

Action                     |  1- 3 |  4- 6 |  7- 9 | 10-12 | 13-15 | 16-18 | 19-21 | 22-24 | 25-27 || total
---------------------------+-------+-------+-------+-------+-------+-------+-------+-------+-------++-------
  Melee: Long sword        |    61 |    96 |   416 |   995 |   168 |       |       |       |       ||  1736
         Tailslap          |    13 |    26 |    72 |   200 |   559 |   419 |   568 |   742 |   260 ||  2859
         Dagger            |    61 |    51 |    20 |     1 |       |       |       |       |       ||   133
         Quick blade       |       |       |       |    38 |  2059 |  1927 |  1811 |  2431 |   807 ||  9073
         Maw               |       |       |       |       |   989 |   862 |   939 |  1254 |   383 ||  4427
         Unarmed           |       |       |       |       |       |       |     3 |       |       ||     3
   Fire: Orcbow            |       |       |     4 |       |       |       |       |       |       ||     4
  Throw: Dart              |       |     2 |    21 |    30 |    10 |       |     1 |     1 |       ||    65
         Throwing net      |       |       |     1 |       |       |       |       |       |       ||     1
         Javelin           |       |       |       |       |       |       |       |    21 |    51 ||    72
   Cast: Jinxbite          |       |     1 |     2 |     4 |       |       |       |       |       ||     7
         Ozocubu's Armour  |       |       |     1 |    22 |    16 |     1 |     1 |       |       ||    41
         Frozen Ramparts   |       |       |       |    35 |    13 |       |       |       |       ||    48
         Fugue of the Fall |       |       |       |       |    13 |    36 |    39 |    33 |    10 ||   131
 Invoke: Heroism           |       |       |       |     3 |       |       |       |       |     1 ||     4
         Receive Weapon    |       |       |       |     1 |       |       |       |       |       ||     1
         Finesse           |       |       |       |       |     2 |     2 |     2 |     2 |     2 ||    10
         Receive Armour    |       |       |       |       |       |     1 |       |       |       ||     1
Ability: Glacial Breath    |       |       |     4 |     2 |     2 |     1 |     3 |     2 |       ||    14
  Evoke: Wand              |       |       |     4 |    12 |     5 |     5 |     2 |     3 |     2 ||    33
         Lightning rod     |       |       |       |       |     5 |     3 |     4 |     5 |       ||    17
         Tin of tremorston |       |       |       |       |     2 |     5 |     2 |     3 |       ||    12
         Phial of floods   |       |       |       |       |       |       |     1 |       |       ||     1
    Use: Scroll            |       |     5 |     4 |    10 |    12 |    19 |    15 |     5 |     6 ||    76
         Potion            |       |     2 |     2 |     1 |       |     7 |     5 |       |     9 ||    26
   Stab: Sleeping          |     4 |     1 |     4 |     1 |       |       |     2 |     3 |     3 ||    18
         Invisible         |       |       |       |       |    45 |    55 |    23 |    23 |    10 ||   156
         Distracted        |       |       |       |       |       |     3 |       |     2 |     1 ||     6
 Armour: Skin              |    86 |   101 |   240 |   672 |   569 |   489 |   311 |   529 |   147 ||  3144
  Dodge: Dodged            |    92 |    80 |   201 |   517 |   796 |   779 |   446 |   625 |   214 ||  3750
  Block: Buckler           |       |       |       |       |       |   124 |       |       |       ||   124
         Kite shield       |       |       |       |       |       |   244 |   569 |   791 |   227 ||  1831
         Reflection        |       |       |       |       |       |    30 |       |       |       ||    30
   Form: Maw               |       |       |       |       |     1 |       |       |       |       ||     1

Table legend: (Time is in decaauts)
 A = Elapsed time spent in this place.
 B = Non-inter-level travel time spent in this place.
 C = Inter-level travel time spent in this place.
 D = Time resting spent in this place.
 E = Time spent auto-exploring this place.
 F = Levels seen in this place.
 G = Mean time per level.
                   A        B        C        D        E       F      G
               +--------+--------+--------+--------+--------+-----+--------+
         Total |  64802 |  57241 |   7561 |   8807 |  35849 |  50 | 1296.0 |
       Dungeon |  19792 |  17489 |   2303 |   2490 |  11438 |  15 | 1319.5 |
        Temple |     28 |      1 |     27 |      0 |      0 |   1 |   28.0 |
          Lair |   9934 |   8679 |   1255 |   2307 |   4659 |   5 | 1986.8 |
        Shoals |   4004 |   3708 |    296 |    525 |   2255 |   4 | 1001.0 |
     Snake Pit |   5590 |   4936 |    654 |    660 |   2982 |   4 | 1397.5 |
  Orcish Mines |   2347 |   1990 |    357 |    471 |    956 |   2 | 1173.5 |
   Elven Halls |   4416 |   4095 |    321 |    418 |   3010 |   3 | 1472.0 |
        Vaults |   7912 |   6583 |   1329 |    276 |   5058 |   5 | 1582.4 |
        Depths |   4987 |   4400 |    587 |    407 |   2914 |   4 | 1246.8 |
           Zot |   4669 |   4240 |    429 |    562 |   2390 |   5 |  933.8 |
        Bazaar |    103 |    103 |      0 |      0 |     84 |   1 |  103.0 |
      Ice Cave |   1014 |   1014 |      0 |    689 |    100 |   1 | 1014.0 |
               +--------+--------+--------+--------+--------+-----+--------+

Top non-repeatable levels by time:
  Lair:1: 2910 daAuts
  Lair:4: 2269 daAuts
 Snake:4: 2117 daAuts
   Elf:3: 2060 daAuts
Vaults:5: 2013 daAuts
    D:10: 1959 daAuts
     D:8: 1836 daAuts
     D:9: 1814 daAuts
  Lair:3: 1793 daAuts
Vaults:2: 1784 daAuts
  Lair:5: 1622 daAuts
Depths:4: 1551 daAuts
    D:11: 1550 daAuts
Vaults:4: 1503 daAuts
     D:4: 1488 daAuts
